[ PARTIDA AOE2 · #473923406 ]
1v1 RMEtíopes vs Magyars
Equipo del jugador · DERR
Equipo rival · VICT
[ ANÁLISIS DE REPETICIÓN · EXTRAÍDO DE LA PARTIDA GRABADA ]
Feudal
9:41
Castillos
20:13
Imperial
38:14
| APM promedio | 28.2 |
| APM pico | 78 |
| eAPM promedio | 15.2 |
| Aldeanos / militares | 106 / 81 |
Foco
⚔️ 26.6% · 🌾 73.4%
Spearman ×28 · Skirmisher ×17 · Archer ×17 · Mangonel ×8 · Scorpion ×4 · Monk ×3
Feudal
9:30
Castillos
24:12
Imperial
42:51
| APM promedio | 59.9 |
| APM pico | 107 |
| eAPM promedio | 26.9 |
| Aldeanos / militares | 166 / 121 |
Foco
⚔️ 27.2% · 🌾 72.8%
Scout Cavalry ×58 · Cavalry Archer ×30 · Skirmisher ×13 · Knight ×8 · Mangonel ×5 · Trebuchet (Packed) ×5
Mapa de la partida
Recursos al inicio + cada clic de construcción. Línea gruesa = muro · recuadro discontinuo = muro de casas detectado. 🟡 oro · ⚪ piedra · 🟢 bayas · 🔶 jabalí · ⭕ reliquia
Inputs por minuto
— JAPO - - Healer_Monk (!)
Build order — JAPO
Primeras 150 de 283 acciones detectadas
| 0:01 | Crear | Villager (Male) |
| 0:01 | Crear | Villager (Male) |
| 0:01 | Crear | Villager (Male) |
| 0:02 | Crear | Villager (Male) |
| 0:03 | Construir | House |
| 0:04 | Construir | House |
| 1:33 | Crear | Villager (Male) |
| 1:33 | Crear | Villager (Male) |
| 1:53 | Construir | Lumber Camp |
| 1:59 | Crear | Villager (Male) |
| 2:15 | Construir | House |
| 2:17 | Crear | Villager (Male) |
| 2:55 | Crear | Villager (Male) |
| 2:55 | Crear | Villager (Male) |
| 3:16 | Crear | Villager (Male) |
| 3:36 | Investigar | Loom |
| 3:51 | Construir | House |
| 4:00 | Crear | Villager (Male) |
| 4:29 | Crear | Villager (Male) |
| 4:29 | Crear | Villager (Male) |
| 4:29 | Crear | Villager (Male) |
| 5:44 | Crear | Villager (Male) |
| 5:58 | Construir | Mill |
| 6:02 | Crear | Villager (Male) |
| 6:27 | Crear | Villager (Male) |
| 6:44 | Crear | Villager (Male) |
| 7:30 | Investigar | Feudal Age |
| 7:45 | Construir | Lumber Camp |
| 8:04 | Crear | Villager (Male) |
| 8:15 | Construir | Palisade Wall |
| 8:21 | Construir | Palisade Wall |
| 8:54 | Construir | Barracks |
| 8:59 | Crear | Villager (Male) |
| 9:14 | Construir | Palisade Wall |
| 9:41 | Edad | Edad Feudal |
| 9:59 | Construir | Palisade Wall |
| 10:14 | Construir | Archery Range |
| 10:22 | Construir | House |
| 10:25 | Crear | Villager (Male) |
| 10:51 | Construir | Palisade Wall |
| 10:54 | Crear | Villager (Male) |
| 11:23 | Construir | Building 804 |
| 11:27 | Construir | House |
| 11:32 | Construir | Palisade Wall |
| 11:33 | Crear | Villager (Male) |
| 11:58 | Crear | Villager (Male) |
| 12:15 | Construir | Farm |
| 12:18 | Crear | Spearman |
| 12:23 | Construir | Mining Camp |
| 12:25 | Crear | Villager (Male) |
| 12:25 | Crear | Villager (Male) |
| 12:53 | Crear | Spearman |
| 13:06 | Crear | Spearman |
| 13:09 | Construir | Farm |
| 13:23 | Construir | House |
| 13:24 | Construir | House |
| 13:36 | Construir | Farm |
| 13:37 | Crear | Villager (Male) |
| 13:50 | Crear | Villager (Male) |
| 14:05 | Construir | House |
| 14:08 | Construir | House |
| 14:31 | Crear | Skirmisher |
| 14:32 | Crear | Skirmisher |
| 15:21 | Construir | Palisade Gate |
| 15:23 | Construir | House |
| 16:03 | Crear | Spearman |
| 16:04 | Crear | Spearman |
| 16:22 | Crear | Villager (Male) |
| 16:28 | Construir | Lumber Camp |
| 16:33 | Construir | Market |
| 16:54 | Crear | Villager (Male) |
| 17:08 | Construir | Farm |
| 17:09 | Crear | Villager (Male) |
| 17:32 | Investigar | Castle Age |
| 17:41 | Crear | Archer |
| 17:41 | Crear | Archer |
| 18:02 | Construir | Farm |
| 18:34 | Crear | Spearman |
| 18:35 | Crear | Spearman |
| 18:45 | Crear | Skirmisher |
| 18:46 | Crear | Skirmisher |
| 19:39 | Crear | Skirmisher |
| 19:39 | Crear | Skirmisher |
| 20:03 | Construir | Blacksmith |
| 20:07 | Crear | Archer |
| 20:07 | Crear | Archer |
| 20:13 | Edad | Edad de los Castillos |
| 20:17 | Crear | Spearman |
| 20:17 | Crear | Spearman |
| 20:21 | Crear | Villager (Male) |
| 20:53 | Crear | Villager (Male) |
| 20:53 | Crear | Villager (Male) |
| 20:58 | Construir | Farm |
| 21:11 | Construir | Town Center |
| 21:20 | Crear | Archer |
| 21:21 | Crear | Archer |
| 21:32 | Crear | Villager (Male) |
| 21:32 | Crear | Villager (Male) |
| 21:43 | Construir | Siege Workshop |
| 22:02 | Investigar | Crossbowman (upgrade) |
| 22:19 | Crear | Mangonel |
| 22:19 | Crear | Mangonel |
| 22:42 | Crear | Spearman |
| 22:42 | Crear | Spearman |
| 22:47 | Construir | House |
| 23:36 | Crear | Mangonel |
| 23:36 | Crear | Mangonel |
| 23:50 | Crear | Archer |
| 23:50 | Crear | Archer |
| 24:32 | Construir | Monastery |
| 24:35 | Crear | Archer |
| 24:35 | Crear | Archer |
| 25:05 | Crear | Archer |
| 25:05 | Crear | Archer |
| 25:09 | Crear | Spearman |
| 25:09 | Crear | Spearman |
| 25:10 | Crear | Spearman |
| 25:22 | Crear | Monk |
| 25:23 | Crear | Monk |
| 25:23 | Crear | Villager (Male) |
| 25:24 | Crear | Villager (Male) |
| 25:24 | Crear | Villager (Male) |
| 26:09 | Crear | Archer |
| 26:09 | Crear | Archer |
| 26:18 | Crear | Spearman |
| 26:18 | Crear | Spearman |
| 26:28 | Construir | Farm |
| 26:30 | Crear | Villager (Male) |
| 26:30 | Crear | Villager (Male) |
| 27:27 | Crear | Villager (Male) |
| 27:27 | Crear | Villager (Male) |
| 27:31 | Crear | Villager (Male) |
| 27:31 | Crear | Villager (Male) |
| 27:39 | Construir | Town Center |
| 27:52 | Crear | Villager (Male) |
| 27:52 | Crear | Villager (Male) |
| 28:11 | Construir | House |
| 28:12 | Construir | House |
| 28:24 | Crear | Mangonel |
| 28:34 | Construir | University |
| 28:37 | Crear | Villager (Male) |
| 28:37 | Crear | Villager (Male) |
| 28:37 | Crear | Villager (Male) |
| 28:43 | Construir | House |
| 28:53 | Investigar | Double-Bit Axe |
| 29:08 | Crear | Villager (Male) |
| 29:09 | Crear | Villager (Male) |
| 29:09 | Crear | Villager (Male) |
| 29:23 | Crear | Mangonel |
| 29:34 | Crear | Villager (Male) |
Build order — Healer_Monk (!)
Primeras 150 de 465 acciones detectadas
| 0:01 | Crear | Villager (Male) |
| 0:01 | Crear | Villager (Male) |
| 0:01 | Crear | Villager (Male) |
| 0:01 | Crear | Villager (Male) |
| 0:02 | Crear | Villager (Male) |
| 0:03 | Construir | House |
| 0:05 | Construir | House |
| 1:25 | Crear | Villager (Male) |
| 1:25 | Crear | Villager (Male) |
| 1:45 | Construir | Lumber Camp |
| 2:05 | Crear | Villager (Male) |
| 2:06 | Crear | Villager (Male) |
| 2:23 | Crear | Villager (Male) |
| 2:23 | Crear | Villager (Male) |
| 2:54 | Crear | Villager (Male) |
| 2:54 | Crear | Villager (Male) |
| 3:15 | Crear | Villager (Male) |
| 3:15 | Crear | Villager (Male) |
| 3:50 | Construir | House |
| 3:52 | Construir | House |
| 3:59 | Crear | Villager (Male) |
| 4:00 | Crear | Villager (Male) |
| 4:00 | Crear | Villager (Male) |
| 4:35 | Crear | Villager (Male) |
| 4:35 | Crear | Villager (Male) |
| 4:48 | Construir | Mill |
| 5:01 | Construir | Mill |
| 5:49 | Crear | Villager (Male) |
| 5:49 | Crear | Villager (Male) |
| 5:49 | Crear | Villager (Male) |
| 5:49 | Crear | Villager (Male) |
| 6:12 | Investigar | Loom |
| 7:20 | Investigar | Feudal Age |
| 8:11 | Construir | Barracks |
| 8:23 | Crear | Villager (Male) |
| 8:24 | Crear | Villager (Male) |
| 8:51 | Construir | Palisade Wall |
| 9:30 | Edad | Edad Feudal |
| 9:35 | Construir | Stable |
| 9:40 | Construir | House |
| 9:41 | Construir | House |
| 9:51 | Crear | Villager (Male) |
| 9:51 | Crear | Villager (Male) |
| 10:32 | Construir | Palisade Wall |
| 10:34 | Crear | Scout Cavalry |
| 10:34 | Crear | Scout Cavalry |
| 10:35 | Crear | Scout Cavalry |
| 10:43 | Crear | Spearman |
| 10:51 | Investigar | Double-Bit Axe |
| 11:08 | Crear | Scout Cavalry |
| 11:19 | Crear | Villager (Male) |
| 11:19 | Crear | Villager (Male) |
| 11:30 | Construir | Archery Range |
| 11:35 | Construir | Building 796 |
| 11:39 | Construir | House |
| 12:35 | Crear | Skirmisher |
| 12:35 | Crear | Skirmisher |
| 12:35 | Crear | Skirmisher |
| 12:47 | Crear | Scout Cavalry |
| 12:48 | Crear | Villager (Male) |
| 12:48 | Crear | Villager (Male) |
| 12:48 | Crear | Villager (Male) |
| 12:53 | Construir | Farm |
| 12:57 | Construir | Farm |
| 13:13 | Construir | House |
| 13:14 | Construir | House |
| 13:25 | Crear | Skirmisher |
| 13:49 | Construir | Farm |
| 13:55 | Crear | Villager (Male) |
| 13:55 | Crear | Villager (Male) |
| 13:55 | Crear | Villager (Male) |
| 13:55 | Crear | Villager (Male) |
| 14:19 | Crear | Skirmisher |
| 14:25 | Construir | Blacksmith |
| 14:26 | Construir | House |
| 14:27 | Construir | House |
| 14:38 | Construir | Farm |
| 14:39 | Crear | Villager (Male) |
| 14:44 | Construir | Farm |
| 14:46 | Construir | Farm |
| 15:34 | Crear | Scout Cavalry |
| 15:34 | Crear | Scout Cavalry |
| 15:36 | Crear | Villager (Male) |
| 15:36 | Crear | Villager (Male) |
| 15:37 | Crear | Villager (Male) |
| 15:37 | Crear | Villager (Male) |
| 16:11 | Construir | Farm |
| 16:12 | Construir | Farm |
| 16:12 | Construir | Farm |
| 16:24 | Crear | Villager (Male) |
| 16:24 | Crear | Villager (Male) |
| 16:29 | Construir | House |
| 16:30 | Construir | House |
| 16:31 | Construir | House |
| 16:32 | Construir | House |
| 16:36 | Construir | Farm |
| 16:37 | Construir | Farm |
| 16:41 | Construir | Farm |
| 16:41 | Construir | Farm |
| 16:42 | Construir | Farm |
| 16:42 | Construir | Farm |
| 16:42 | Construir | Farm |
| 16:44 | Crear | Villager (Male) |
| 16:44 | Crear | Villager (Male) |
| 17:00 | Investigar | Fletching |
| 17:16 | Crear | Skirmisher |
| 17:26 | Construir | Mining Camp |
| 17:35 | Crear | Skirmisher |
| 17:35 | Crear | Skirmisher |
| 18:02 | Crear | Villager (Male) |
| 18:02 | Crear | Villager (Male) |
| 18:17 | Crear | Villager (Male) |
| 18:17 | Crear | Villager (Male) |
| 18:20 | Construir | Farm |
| 18:21 | Construir | Farm |
| 18:22 | Construir | Farm |
| 18:22 | Construir | Farm |
| 18:23 | Construir | Farm |
| 18:23 | Construir | Farm |
| 18:57 | Crear | Villager (Male) |
| 18:57 | Crear | Villager (Male) |
| 19:06 | Construir | Farm |
| 19:08 | Construir | Farm |
| 19:08 | Construir | Farm |
| 19:09 | Construir | Farm |
| 19:09 | Construir | Farm |
| 19:41 | Construir | Farm |
| 19:42 | Construir | Farm |
| 19:51 | Construir | Farm |
| 19:52 | Crear | Villager (Male) |
| 19:53 | Crear | Villager (Male) |
| 19:53 | Crear | Villager (Male) |
| 19:53 | Crear | Villager (Male) |
| 20:02 | Investigar | Horse Collar |
| 20:23 | Construir | Farm |
| 20:33 | Crear | Skirmisher |
| 20:33 | Crear | Skirmisher |
| 20:33 | Crear | Skirmisher |
| 20:42 | Crear | Villager (Male) |
| 20:42 | Crear | Villager (Male) |
| 21:06 | Construir | Archery Range |
| 21:30 | Investigar | Castle Age |
| 21:30 | Investigar | Castle Age |
| 21:35 | Crear | Skirmisher |
| 21:35 | Crear | Skirmisher |
| 21:41 | Crear | Villager (Male) |
| 21:41 | Crear | Villager (Male) |
| 22:09 | Crear | Scout Cavalry |
| 22:10 | Crear | Scout Cavalry |
| 22:10 | Crear | Scout Cavalry |
Cronología de la partida
| 8:11 | Healer_Monk (!) · first_building Barracks |
| 8:15 | JAPO · wall_segment Palisade Wall x1 |
| 8:21 | JAPO · wall_segment Palisade Wall x11 |
| 8:51 | Healer_Monk (!) · wall_segment Palisade Wall x15 |
| 8:54 | JAPO · first_building Barracks |
| 9:14 | JAPO · wall_segment Palisade Wall x8 |
| 9:30 | Healer_Monk (!) · age_up feudal |
| 9:35 | Healer_Monk (!) · first_building Stable |
| 9:41 | JAPO · age_up feudal |
| 9:59 | JAPO · wall_segment Palisade Wall x6 |
| 10:14 | JAPO · first_building Archery Range |
| 10:32 | Healer_Monk (!) · wall_segment Palisade Wall x10 |
| 10:51 | JAPO · wall_segment Palisade Wall x11 |
| 11:30 | Healer_Monk (!) · first_building Archery Range |
| 11:32 | JAPO · wall_segment Palisade Wall x3 |
| 17:29 | JAPO · first_market_buy 100 food |
| 20:13 | JAPO · age_up castle |
| 21:43 | JAPO · first_building Siege Workshop |
| 22:39 | Healer_Monk (!) · wall_segment Stone Wall x10 |
| 24:12 | Healer_Monk (!) · age_up castle |
| 24:18 | Healer_Monk (!) · first_building Siege Workshop |
| 24:32 | JAPO · first_building Monastery |
| 28:18 | Healer_Monk (!) · first_market_buy 100 food |
| 28:31 | Healer_Monk (!) · first_market_sell 100 wood |
| 28:45 | Healer_Monk (!) · first_building Monastery |
| 34:32 | JAPO · first_market_sell 100 wood |
| 38:05 | JAPO · first_building Castle |
| 38:14 | JAPO · age_up imperial |
| 39:09 | Healer_Monk (!) · first_building Castle |
| 40:35 | Healer_Monk (!) · wall_segment Stone Wall x10 |
| 42:51 | Healer_Monk (!) · age_up imperial |
| 46:44 | JAPO · resign |
[ ANÁLISIS IA · 1 CRÉDITO ]
¿Qué pasó realmente en esta partida?
Wolo.gg analiza cada decisión: build order, eco, micro, errores típicos por bracket. Análisis personalizado por WhatsApp o Discord en 30 segundos.
Guía civ
Etíopes
Guía mapa
Arabia
Perfil
JAPO